 Dungeon Crawl Stone Soup version 0.18-a0-1626-g65af6d3 (webtiles) character file.

194370 namelastname112 the Fencer (level 17, -6/156 HPs)
             Began as a Yellow Draconian Chaos Knight on Mar 24, 2016.
             Was the Champion of Zin.
             Shot with a bolt by a naga sharpshooter (26 damage)
             ... on level 3 of the Snake Pit.
             The game lasted 01:29:31 (36682 turns).

namelastname112 the Fencer (DrCK)                  Turns: 36682, Time: 01:29:32

Health: -6/156     AC: 25    Str: 22    XL:     17   Next: 67%
Magic:  29/29      EV: 26    Int: 16    God:    Zin [******]
Gold:   1413       SH:  0    Dex: 23    Spells: 3 memorised, 14 levels left

rFire  . . .     SeeInvis .     H - +8 triple sword (flame)
rCold  + + .     Gourm    .     (armour unavailable)
rNeg   . . .     Faith    .     (shield currently unavailable)
rPois  ∞         Spirit   .     U - +1 hat
rElec  +         Dismiss  .     a - +0 cloak {rC+}
rCorr  +         Reflect  .     X - +1 pair of gloves {Dex+3}
SustAt .         Harm     .     c - +1 pair of boots (curse)
MR     +....                    L - amulet of regeneration
Stlth  +++.......               h - +5 ring of protection
                                N - +5 ring of protection

@: vitalised, somewhat resistant to hostile enchantments, fairly stealthy
A: spit acid, acid resistance, unfitting armour, hooves 1, horns 1, stinger 1,
camouflage 1, agile 1, cold resistance 1, high mp 1, mutation resistance 1,
sense surroundings 3, poison resistance, electricity resistance, strong 1, wild
magic 3, acidic bite, no device heal 1, cold-blooded, AC +9
a: Spit Acid, Recite, Vitalisation, Imprison, Sanctuary, Donate Gold, Cure All
Mutations, Renounce Religion
}: 1/15 runes: decaying


You were on level 3 of the Snake Pit.
You worshipped Zin.
Zin was exalted by your worship.
You were hungry.

You visited 5 branches of the dungeon, and saw 32 of its levels.
You visited 1 bazaar.
You also visited: Bailey, Ice Cave and Volcano.

You collected 5578 gold pieces.
You spent 1724 gold pieces at shops.
You donated 2417 gold pieces to Zin.

Inventory:

Hand Weapons
 H - a +8 triple sword of flaming (weapon)
Missiles
 G - 3 throwing nets (quivered)
Armour
 a - a +0 cloak of cold resistance (worn)
 c - a cursed +1 pair of boots (worn)
 U - a +1 hat (worn)
 X - a +1 pair of gloves of dexterity (worn)
Rods
 W - a +0 iron rod (14/14)
   (You found it on level 4 of the Lair of Beasts)
Jewellery
 h - a +5 ring of protection (right hand)
 L - an amulet of regeneration (around neck)
 N - a +5 ring of protection (left hand)
 O - an uncursed ring of wizardry
 P - an uncursed ring of protection from cold
 R - an uncursed ring of protection from magic
Wands
 l - a wand of digging (13/24)
 t - a wand of confusion (6/48)
 u - a wand of acid (7/15)
 B - a wand of iceblast (4/15)
 E - a wand of iceblast (6/15)
 F - a wand of iceblast (4/15)
 J - a wand of paralysis (21/24)
 Q - a wand of acid (8/15)
 V - a wand of disintegration (8/24)
Scrolls
 g - 9 scrolls of enchant armour
 j - a scroll of blinking
 n - 14 scrolls of teleportation
 o - 10 scrolls of remove curse
 q - 2 scrolls of amnesia
 r - 3 scrolls of fear
 y - 3 scrolls of magic mapping
 A - 16 scrolls of identify
 K - 4 scrolls of fog
 M - a scroll of silence
 Y - 2 scrolls of recharging
Potions
 e - 7 potions of agility
 k - 2 potions of resistance
 m - 4 potions of magic
 p - 3 potions of haste
 s - 2 potions of ambrosia
 w - 5 potions of invisibility
 x - 2 potions of flight
 z - 10 potions of brilliance
 C - 3 potions of might
 S - a potion of cure mutation
 T - 2 potions of curing
 Z - a potion of heal wounds
Miscellaneous
 v - a plain deck of summoning {the Crusade, drawn: 6}
 D - a phantom mirror
Comestibles
 b - 23 bread rations
 d - 61 fruits
 f - 4 meat rations
 i - 11 beef jerkies
 I - 3 slices of pizza


   Skills:
 + Level 15.2 Fighting
 * Level 18.8 Long Blades
 + Level 13.1 Dodging
 + Level 1.1 Spellcasting
 + Level 1.5 Charms
 + Level 1.1 Air Magic
 * Level 11.5 Invocations
 - Level 13.0 Evocations


You had 14 spell levels left.
You knew the following spells:

 Your Spells              Type           Power        Failure   Level  Hunger
a - Apportation           Tloc           #.........   69%         1    ##.....
b - Summon Butterflies    Summ           #.......     69%         1    ##.....
c - Repel Missiles        Chrm/Air       ##....       65%         2    ###....


Dungeon Overview and Level Annotations

Branches:
Dungeon (15/15)            Temple (0/1) D:4            Lair (8/8) D:8
  Swamp (4/4) Lair:3        Snake (3/4) Lair:6        Slime (0/6) Lair:6
    Orc (2/2) D:11            Elf (0/3) Orc:2        Vaults (0/5) D:13
 Depths: D:15

Altars:
Ashenzari
Dithmenos
Fedhas
Nemelex Xobeh
Okawaru
Qazlal
Ru
Trog
Yredelemnul
Zin
The Shining One
Beogh
Jiyva

Shops:
Orc:2 *%?*!   Snake:1 }   Snake:2 ?

Annotations:
D:3 Blork the orc
Lair:6 1 runed door
Orc:1 Gastronok


Innate Abilities, Weirdness & Mutations

You can spit globs of acid.
You are resistant to acid.
Your golden yellow scales are hard (AC +9).
Your body does not fit into most forms of armour.
You have acidic saliva.
You are cold-blooded and may be slowed by cold attacks.
You have large cloven feet.
You have a pair of small horns on your head.
Your tail ends in a poisonous barb.
Your skin changes colour to match your surroundings (Stealth).
You are agile. (Dex +2)
Your flesh is cold resistant.
You have an increased reservoir of magic (+10% MP).
You are somewhat resistant to further mutation.
You passively map a large area around you.
Your system is resistant to poisons.
You are resistant to electric shocks.
Your muscles are strong. (Str +2)
Your spells are much harder to cast, but much more powerful.
Potions and wands are less effective at restoring your health.


Message History

You slice the salamander!! You headbutt the salamander.
You tail-slap the salamander.
The salamander is poisoned.
Your bite misses the salamander.
The salamander is moderately wounded.
The salamander completely misses you.
You open the salamander like a pillowcase!!!
You kill the salamander!
The naga sharpshooter gestures wildly while chanting.
The naga sharpshooter magically shoots a bolt.
The bolt hits you!
* * * LOW HITPOINT WARNING * * *
x2
Things that are here:
a scimitar; a robe; 8 bolts You slice the naga sharpshooter!!
You burn the naga sharpshooter. You headbutt the naga sharpshooter.
You tail-slap the naga sharpshooter.
The naga sharpshooter is moderately wounded.
The naga sharpshooter gestures wildly while chanting.
The naga sharpshooter magically shoots a bolt.
The bolt hits you!!
You die...

*
.....#.......##!..#
, , .##,
#........##### ,,
##..####### , ,
,#..## , , , **#..#
, , * ## * * #..#
##.#* ... ,,,*,
###.####....# ...,
* #(.(()()..#*
..,,, ,
,*##.###@###.# .. ,
, #......N# ,* .#
,,, #.....)## **
.## , ,,#....... *
..# , #......#. ..#
**,, #......#..
...# * ###.#### ##
* * .### , * ,.. *
* , .# , , * ...,
,, , ,


You could see a naga sharpshooter.

Vanquished Creatures
  A bone dragon (Swamp:4)
  2 thorn hunters (Swamp:4)
  4 greater nagas
  Maud (Lair:7)
  The ghost of George the Severer, a journeyman MiGl of Makhleb (Lair:8)
  3 orc warlords
  Fannar (Orc:1)
  Harold (Orc:1)
  8 hydras
  3 naga warriors
  4 ghost crabs
  A catoblepas (Lair:8)
  A centaur warrior (D:12)
  Erica (D:8)
  11 anacondas
  A deep troll shaman (Lair:8)
  12 death yaks
  6 alligators
  6 orc high priests
  2 naga sharpshooters
  2 shock serpents
  2 salamander mystics (Snake:3)
  A death drake (Swamp:4)
  2 spectral hydras (Swamp:4)
  4 unseen horrors
  A sea snake (Orc:2)
  A spriggan druid (Swamp:2)
  5 shambling mangroves
  8 orc knights
  A lindwurm (Lair:8)
  3 swamp dragons
  A necromancer (IceCv)
  6 mana vipers
  A naga ritualist (Snake:2)
  A phantasmal warrior (Swamp:4)
  A wizard (D:13)
  A deep elf mage (D:15)
  The ghost of Wiebster667 the Spear-Bearer, a novice CeHu (D:5)
  A hill giant (D:14)
  4 griffons
  9 salamanders
  2 orc sorcerers (Orc:1)
  7 ugly things
  A mana viper (shapeshifter) (D:15)
  5 hornets
  15 elephants
  3 centaur zombies
  2 ice statues
  Joseph (D:8)
  3 naga magi
  A molten gargoyle (Volcano)
  30 black mambas
  7 orange demons (D:12)
  22 spiny frogs
  4 gargoyles
  5 centaur skeletons
  10 freezing wraiths (IceCv)
  A rime drake (Lair:7)
  3 swamp worm zombies (Swamp:4)
  9 komodo dragons
  A komodo dragon (shapeshifter) (D:13)
  3 red devils (D:12)
  4 hydra zombies (Swamp:4)
  3 alligator zombies (Swamp:4)
  11 trolls
  3 spectral swamp dragons (Swamp:4)
  A wolf spider simulacrum (IceCv)
  5 two-headed ogres
  11 bog bodies
  10 slime creatures
  5 giant leeches
  10 blink frogs
  Grinder (D:4)
  5 shadows
  2 spriggans (Swamp:3)
  2 wraiths
  3 wyverns
  2 basilisks
  61 yaks
  14 vampire mosquitoes
  4 hungry ghosts
  A steam dragon (D:12)
  Menkaure (D:4)
  2 mottled dragons
  9 insubstantial wisps (Swamp:4)
  A warg (shapeshifter) (D:5)
  19 swamp worms
  2 wargs
  7 hippogriffs
  19 nagas
  2 soldier ants
  A water moccasin (shapeshifter) (D:15)
  25 water moccasins
  10 porcupines
  8 ice beasts
  A slave (D:6)
  2 sky beasts
  64 orc warriors
  8 black bears
  11 swamp drakes
  15 wasps
  10 phantoms
  2 swamp dragon zombies (Swamp:4)
  15 ogres
  4 eyes of draining
  29 wolves
  20 crocodiles
  10 centaurs
  6 big kobolds
  31 giant frogs
  5 gnoll sergeants
  The ghost of namelastname112 the Slasher, a weakling DrCK of Xom (D:3)
  6 scorpions
  An elephant simulacrum (IceCv)
  18 killer bees
  21 wights
  5 howler monkeys
  An electric eel (Lair:6)
  11 crimson imps
  3 giant frog zombies
  2 draconian simulacra (IceCv)
  9 hounds
  4 jellies
  26 orc wizards
  35 orc priests
  2 giant frog skeletons
  Natasha (twice) (D:4)
  14 iguanas
  7 worker ants
  A polar bear simulacrum (IceCv)
  2 spectral swamp drakes (Swamp:4)
  2 spriggan simulacra (IceCv)
  5 troll simulacra (IceCv)
  A wolf simulacrum (IceCv)
  19 sheep
  5 centaur simulacra
  Robin (D:4)
  A worker ant zombie (D:11)
  36 gnolls
  2 howler monkey skeletons
  A swamp drake zombie (Swamp:4)
  12 adders
  5 naga simulacra (IceCv)
  2 ogre simulacra (IceCv)
  85 river rats
  6 shadow imps
  22 white imps
  An ufetubus (IceCv)
  An ooze (D:4)
  2 adder skeletons
  An adder zombie (D:7)
  14 worms
  4 dart slugs
  3 giant geckos
  117 orcs
  12 bats
  11 giant cockroaches
  35 goblins
  20 hobgoblins
  9 jackals
  23 kobolds
  2 quokkas
  11 ball pythons
  A giant cockroach zombie (D:5)
  8 giant newts
  A quokka zombie (D:8)
  10 rats
  8 fungi (D:8)
  2 plants
1430 creatures vanquished.

Vanquished Creatures (collateral kills)
  A hydra (D:7)
  A death yak (Lair:5)
  An orc high priest (Orc:1)
  A shambling mangrove (Swamp:4)
  A hill giant (D:10)
  An orc knight (Orc:2)
  A two-headed ogre (D:14)
  A slime creature (D:13)
  A yak (D:10)
  4 orc warriors
  A wasp (Swamp:4)
  An ice beast (D:3)
  A centaur (D:13)
  An ogre (D:4)
  A wight (D:13)
  An orc wizard (D:14)
  Natasha (D:4)
  3 orcs
  A hobgoblin (Bailey)
  A fungus (Lair:2)
25 creatures vanquished.

Vanquished Creatures (others)
  An alligator (Swamp:4)
  Pikel (D:6)
  An orc warrior (Orc:2)
  A slave (D:6)
  An orc wizard (Orc:2)
  A worker ant (D:6)
  A gnoll (Bailey)
  6 orcs
  A quokka (D:3)
  2 kobolds
  A briar patch (Swamp:4)
  14 fungi
  14 plants
45 creatures vanquished.

Grand Total: 1500 creatures vanquished

Notes
Turn   | Place    | Note
--------------------------------------------------------------
     0 | D:1      | namelastname112 the Draconian Chaos Knight began the quest for the Orb.
     0 | D:1      | Reached XP level 1. HP: 19/19 MP: 1/1
   148 | D:1      | Reached XP level 2. HP: 21/26 MP: 2/2
   206 | D:1      | XOM: silly message
   220 | D:1      | XOM: harmless Hex miscast
   869 | D:2      | Reached XP level 3. HP: 33/33 MP: 3/3
  1040 | D:2      | XOM: harmless Tloc miscast
  1082 | D:2      | XOM: mild Necr miscast
  1316 | D:3      | Noticed an ice beast
  1319 | D:3      | XOM: cast spell 'Summon Small Mammal'
  1321 | D:3      | XOM: divination: detect creatures
  1322 | D:3      | XOM: harmless Conj miscast
  1378 | D:3      | XOM: potion effect (haste)
  1521 | D:2      | XOM: divination: detect creatures
  1592 | D:2      | XOM: silly message
  1649 | D:3      | Reached skill level 4 in Long Blades
  1658 | D:3      | Reached XP level 4. HP: 26/40 MP: 4/4
  1670 | D:3      | XOM: harmless Trmt miscast
  1858 | D:3      | Noticed namelastname112's ghost (weakling DrCK)
  1898 | D:3      | XOM: potion effect (brilliance)
  1933 | D:3      | Killed namelastname112's ghost
  2174 | D:3      | Gained mutation: Your tail ends in a poisonous barb. [potion of mutation]
  2174 | D:3      | Gained mutation: You are weak. (Str -2) [potion of mutation]
  2174 | D:3      | Gained mutation: You have an increased reservoir of magic (+10% MP). [potion of mutation]
  2175 | D:3      | Lost mutation: Your tail ends in a poisonous barb. [potion of mutation]
  2175 | D:3      | Lost mutation: You have an increased reservoir of magic (+10% MP). [potion of mutation]
  2175 | D:3      | Gained mutation: Potions and wands are less effective at restoring your health. [potion of mutation]
  2192 | D:3      | Reached XP level 5. HP: 47/47 MP: 5/5
  2272 | D:3      | Found a glowing golden altar of the Shining One.
  2277 | D:3      | XOM: harmless Erth miscast
  2302 | D:3      | XOM: potion effect (brilliance)
  2313 | D:3      | Reached skill level 5 in Long Blades
  2362 | D:3      | XOM: harmless Necr miscast
  2534 | D:3      | XOM: harmless Air miscast
  2742 | D:3      | Noticed an orc warrior
  2781 | D:3      | XOM: summons friendly iron imp
  2793 | D:3      | XOM: swap monsters
  2798 | D:3      | XOM: 2-stop teleportation journey
  2834 | D:3      | XOM: silly message
  2847 | D:3      | XOM: summons friendly white imp
  2862 | D:3      | XOM: summons 3 friendly demons
  2871 | D:3      | Killed an orc warrior
  2871 | D:3      | Reached XP level 6. HP: 53/55 MP: 6/6
  2947 | D:3      | Found a stormy altar of Qazlal.
  3077 | D:3      | XOM: harmless Divn miscast
  3087 | D:3      | XOM: harmless Fire miscast
  3112 | D:4      | Found a sparkling altar of Nemelex Xobeh.
  3112 | D:4      | Noticed Blork the orc
  3116 | D:4      | Noticed Natasha
  3158 | D:3      | XOM: harmless Hex miscast
  3198 | D:4      | Reached skill level 5 in Fighting
  3253 | D:4      | XOM: 3-stop teleportation journey
  3284 | D:4      | XOM: butterfly on damage
  3496 | D:4      | XOM: swap monsters
  3503 | D:4      | XOM: stat loss: -1 Dex (11/12)
  3506 | D:4      | Noticed Menkaure
  3512 | D:4      | XOM: summons 3 hostile demons
  3516 | D:3      | XOM: cast spell 'Summon Mana Viper'
  3812 | D:3      | Killed an ice beast
  4116 | D:4      | Reached skill level 6 in Long Blades
  4116 | D:4      | Your scales start taking on a golden yellow colour.
  4116 | D:4      | Reached XP level 7. HP: 55/61 MP: 7/7
  4124 | D:4      | Noticed Robin
  4125 | D:4      | XOM: silly message
  4128 | D:4      | XOM: potion effect (haste)
  4132 | D:4      | XOM: polymorph gnoll -> ooze
  4133 | D:4      | XOM: harmless Ice miscast
  4202 | D:4      | Killed Robin
  4254 | D:4      | Found a staircase to the Ecumenical Temple.
  4317 | D:4      | Noticed Grinder
  4317 | D:4      | XOM: harmless Conj miscast
  4321 | D:4      | XOM: enchant monster (good)
  4329 | D:4      | Killed Menkaure
  4339 | D:4      | Killed Natasha
  4356 | D:4      | Noticed Natasha
  4371 | D:4      | Killed Natasha
  4383 | D:4      | Killed Grinder
  4383 | D:4      | Reached skill level 7 in Long Blades
  4479 | D:4      | Noticed Natasha
  4491 | D:4      | Killed Natasha
  4491 | D:4      | Reached XP level 8. HP: 45/70 MP: 8/8
  4562 | D:4      | XOM: cast spell 'Necromutation'
  4680 | D:5      | Entered Level 5 of the Dungeon
  4716 | D:5      | XOM: cast spell 'Summon Small Mammal'
  4738 | D:5      | Noticed Wiebster667's ghost (novice CeHu)
  4955 | D:5      | XOM: enchant monster (good)
  4963 | D:5      | Killed Wiebster667's ghost
  4963 | D:5      | Reached skill level 8 in Long Blades
  4963 | D:5      | Reached skill level 5 in Dodging
  5204 | D:5      | XOM: summons friendly ufetubus
  5278 | D:5      | Reached skill level 9 in Long Blades
  5278 | D:5      | Reached XP level 9. HP: 74/79 MP: 9/9
  5279 | D:5      | XOM: 3-stop teleportation journey
  5371 | D:5      | XOM: enchant monster (good)
  5408 | D:5      | XOM: colour smoke trail
  5493 | D:5      | XOM: enchant monster (bad)
  5837 | D:5      | Learned a level 1 spell: Apportation
  5839 | D:5      | Learned a level 1 spell: Summon Butterflies
  6028 | D:5      | XOM: colour smoke trail
  6126 | D:6      | XOM: enchant monster (bad)
  6130 | D:6      | XOM: confusion (+ monsters)
  6169 | D:6      | Found a bloodstained altar of Trog.
  6230 | D:6      | Noticed Pikel
  6247 | D:6      | XOM: summons friendly crimson imp
  6257 | D:6      | Killed Pikel
  6257 | D:6      | XOM: divine lightning (protected)
  6486 | D:6      | XOM: divination: magic mapping
  6611 | D:6      | XOM: divination: detect creatures
  6629 | D:6      | XOM: confuse monster(s)
  6722 | D:6      | Noticed a moth of wrath
  6725 | D:6      | Found a bloodstained altar of Trog.
  7192 | D:7      | XOM: god gift: scroll labeled IMAELUZYGE
  7310 | D:7      | XOM: harmless Pois miscast
  7425 | D:7      | XOM: summons 3 friendly demons
  7441 | D:7      | Reached skill level 10 in Long Blades
  7695 | D:7      | Noticed a four-headed hydra
  7748 | D:7      | Killed a four-headed hydra
  7812 | D:7      | Found a glowing silver altar of Zin.
  7814 | D:7      | Found an iron altar of Okawaru.
  7815 | D:7      | Found a basalt altar of Yredelemnul.
  7817 | D:7      | Found a sacrificial altar of Ru.
  7817 | D:7      | Found a shattered altar of Ashenzari.
  7817 | D:7      | Found a shadowy altar of Dithmenos.
  7818 | D:7      | Found a stormy altar of Qazlal.
  7832 | D:7      | Got an ancient war axe
  7833 | D:7      | Identified the +11 war axe "Cauxech" {elec, Fragile Str+6} (You found it on level 7 of the Dungeon)
  7935 | D:7      | XOM: harmless Chrm miscast
  7968 | D:7      | XOM: silly message
  8175 | D:7      | Reached XP level 10. HP: 86/90 MP: 10/10
  8264 | D:7      | XOM: silly message
  8338 | D:8      | Found a staircase to the Lair.
  8378 | D:8      | Paralysed by a wasp for 3 turns
  8408 | D:8      | Noticed Joseph
  8416 | D:8      | Killed Joseph
  8549 | D:8      | XOM: cast spell 'Summon Butterflies'
  8571 | D:8      | Reached skill level 11 in Long Blades
  8800 | D:8      | Gained mutation: Your spells are a little harder to cast, but a little more powerful. [mutagenic meat]
  8801 | D:8      | Gained mutation: Your body sometimes deteriorates upon taking damage. [mutagenic meat]
  8802 | D:8      | Gained mutation: You are clumsy. (Dex -2) [mutagenic meat]
  8803 | D:8      | Gained mutation: You are somewhat resistant to further mutation. [mutagenic meat]
  8879 | D:8      | XOM: confuse monster(s)
  8947 | D:8      | XOM: mild Chrm miscast
  9011 | D:8      | XOM: cast spell 'Spider Form'
  9445 | D:9      | Reached skill level 1 in Evocations
  9526 | D:9      | Noticed Erica
  9611 | D:8      | XOM: confuse monster(s)
  9695 | D:8      | Killed Erica
  9695 | D:8      | Reached skill level 10 in Fighting
  9695 | D:8      | Reached skill level 12 in Long Blades
  9695 | D:8      | Reached XP level 11. HP: 85/99 MP: 12/12
  9709 | D:8      | Identified a +0 rod of clouds (14/14) (You found it on level 8 of the Dungeon)
  9762 | D:9      | XOM: confusion (+ monsters)
  9800 | D:9      | XOM: enchant monster (good)
 10289 | D:9      | XOM: give mutation
 10289 | D:9      | Gained mutation: Your skin changes colour to match your surroundings (Stealth). [Xom's grace]
 10392 | D:10     | XOM: noise
 10392 | D:10     | Entered Level 10 of the Dungeon
 10402 | D:10     | XOM: summons friendly iron imp
 10458 | D:10     | XOM: polymorph killer bee -> river rat
 10459 | D:10     | XOM: cast spell 'Confusing Touch'
 10477 | D:10     | XOM: summons 2 friendly demons
 10506 | D:9      | XOM: medium Air miscast
 10587 | D:9      | XOM: mild Air miscast
 10653 | D:10     | XOM: noise
 10765 | D:10     | XOM: harmless Fire miscast
 10772 | D:10     | Noticed a hill giant
 10777 | D:10     | XOM: summons 9 friendly demons
 10780 | D:10     | Killed a hill giant
 10959 | D:10     | Killed an unseen horror
 10984 | D:10     | XOM: cast spell 'Shadow Creatures'
 11040 | D:10     | XOM: 8-stop teleportation journey
 11083 | D:10     | XOM: summons friendly white imp
 11122 | D:10     | Noticed Snorg
 11149 | D:10     | XOM: give mutation
 11149 | D:10     | Gained mutation: You possess an exceptional clarity of mind. [Xom's grace]
 11150 | D:10     | XOM: fog
 11152 | D:10     | Noticed Snorg
 11152 | D:10     | Snorg changed into Snorg the hornet
 11152 | D:10     | XOM: polymorph Snorg -> Snorg the hornet
 11162 | D:10     | XOM: summons friendly quasit
 11167 | D:10     | Killed Snorg the hornet
 11219 | D:10     | XOM: 2-stop teleportation journey
 11492 | D:10     | XOM: confuse monster(s)
 11497 | D:10     | XOM: god gift: 2140 gold pieces
 11546 | D:11     | Found a flagged portal.
 11565 | Bailey   | Entered a bailey
 11581 | Bailey   | XOM: enchant monster (good)
 11623 | Bailey   | Reached skill level 5 in Evocations
 11651 | Bailey   | XOM: destruction
 11671 | Bailey   | Noticed an orc knight
 11672 | Bailey   | XOM: polymorph orc -> ball python
 11689 | Bailey   | Killed an orc knight
 11761 | Bailey   | XOM: summons 2 friendly demons
 11767 | Bailey   | Noticed an orc warlord
 11780 | Bailey   | XOM: divination: magic mapping
 11782 | Bailey   | XOM: god gift: golden ring {god gift}
 11814 | Bailey   | XOM: summons friendly white imp
 11876 | Bailey   | Killed an orc warlord
 11876 | Bailey   | Reached skill level 13 in Long Blades
 11942 | Bailey   | XOM: colour smoke trail
 12188 | Bailey   | Lost mutation: Your body sometimes deteriorates upon taking damage. [potion of cure mutation]
 12188 | Bailey   | Lost mutation: You are weak. (Str -2) [potion of cure mutation]
 12188 | Bailey   | Lost mutation: Your spells are a little harder to cast, but a little more powerful. [potion of cure mutation]
 12188 | Bailey   | Lost mutation: You are clumsy. (Dex -2) [potion of cure mutation]
 12188 | Bailey   | Lost mutation: You possess an exceptional clarity of mind. [potion of cure mutation]
 12188 | Bailey   | Lost mutation: You are somewhat resistant to further mutation. [potion of cure mutation]
 12189 | Bailey   | Gained mutation: Your mind is acute. (Int +2) [potion of beneficial mutation]
 12241 | D:11     | XOM: harmless Tloc miscast
 12301 | D:11     | XOM: potion effect (invisibility)
 12398 | D:11     | XOM: potion effect (might)
 12441 | D:11     | Reached XP level 12. HP: 108/108 MP: 16/16
 12628 | D:11     | XOM: harmless Summ miscast
 12699 | D:11     | XOM: divination: detect creatures
 12847 | D:11     | XOM: potion effect (berserk rage)
 12856 | D:11     | Found a staircase to the Orcish Mines.
 12961 | D:11     | XOM: divination: detect creatures
 13335 | D:12     | XOM: potion effect (curing)
 13342 | D:12     | XOM: harmless Tloc miscast
 13396 | D:12     | M4edhros: hi there
 13404 | D:12     | namelastname112: hello
 13404 | D:12     | M4edhros: any mutations going on?
 13404 | D:12     | namelastname112: not yet
 13404 | D:12     | namelastname112: are my ghosts bothering you?
 13404 | D:12     | M4edhros: i learned some neat tricks about xom
 13404 | D:12     | M4edhros: yep they were
 13542 | D:12     | XOM: harmless Trmt miscast
 13633 | D:12     | M4edhros: especialy suck hard ghosts on lvl 7 of dungeon
 13640 | D:12     | M4edhros: ;/
 13640 | D:12     | namelastname112: yeah i'm playing lazy today
 13640 | D:12     | namelastname112: made a bunch of drbes and was just holding tab
 13714 | D:12     | XOM: potion effect (magic)
 13824 | D:12     | Noticed a centaur warrior
 13835 | D:12     | Killed a centaur warrior
 13913 | D:12     | Reached skill level 14 in Long Blades
 13940 | D:12     | XOM: silly message
 14131 | D:12     | XOM: potion effect (heal wounds)
 14202 | D:12     | XOM: mild Trmt miscast
 14279 | D:12     | M4edhros: dr be sounds fun
 14279 | D:12     | Identified a scroll of acquirement
 14279 | D:12     | M4edhros: oh nice ring
 14282 | D:12     | M4edhros: oh
 14282 | D:12     | M4edhros: wtf
 14282 | D:12     | M4edhros: gj mate
 14282 | D:12     | M4edhros: ahaha
 14282 | D:12     | M4edhros: gg
 14285 | D:13     | M4edhros: now u can tab
 14295 | D:13     | M4edhros: till end of game
 14342 | D:13     | XOM: silly message
 14402 | D:13     | Found a gate to the Vaults.
 14504 | D:13     | namelastname112: i wish i find like
 14504 | D:13     | namelastname112: autumn katana
 14504 | D:13     | M4edhros: is it better than this?
 14504 | D:13     | namelastname112: dunno, i just really love it
 14523 | D:13     | M4edhros: i like it also
 14537 | D:13     | M4edhros: but sword of jihad
 14543 | D:13     | M4edhros: is better
 14553 | D:13     | Reached XP level 13. HP: 70/117 MP: 19/19
 14747 | D:13     | XOM: noise
 14752 | D:13     | M4edhros: play in corridors
 14764 | D:13     | M4edhros: how much evo?
 14771 | D:13     | namelastname112: not a whole lot
 14778 | D:13     | M4edhros: but soon ull get better clouds
 14813 | D:12     | Gained mutation: Your spells are a little harder to cast, but a little more powerful. [mutagenic meat]
 14830 | D:12     | M4edhros: it seems chunks give less mutations
 14854 | D:12     | M4edhros: in those new versions
 14854 | D:12     | M4edhros: and also i happen to have problem with helix cards from decks
 14854 | D:12     | namelastname112: they give less muts the more muts you get
 14869 | D:12     | M4edhros: they doesnt seem to work
 14874 | D:13     | XOM: cast spell 'Monstrous Menagerie'
 14880 | D:13     | XOM: smoke on damage
 14950 | D:13     | XOM: divination: detect creatures
 15210 | D:13     | Found a gateway to a bazaar.
 15312 | Bazaar   | Entered a bazaar
 15313 | Bazaar   | Found Qatat's Jewellery Boutique.
 15313 | Bazaar   | Found Xajuwi's Antique Weapon Boutique.
 15315 | Bazaar   | Found Rukhlywa's Gadget Emporium.
 15318 | Bazaar   | Found Vuatuoss's Armour Boutique.
 15329 | Bazaar   | Found Acysoo's Assorted Antiques.
 15335 | Bazaar   | Found Daomar Gocu's Food Shoppe.
 15362 | Bazaar   | namelastname112: what a shitty bazaar
 15416 | D:13     | XOM: divination: detect creatures
 15426 | D:13     | XOM: silly message
 15439 | D:13     | Gained mutation: You are agile. (Dex +2) [mutagenic meat]
 15716 | D:14     | XOM: confuse monster(s)
 15720 | D:14     | XOM: repel stairs
 15730 | D:14     | XOM: enchant monster (bad)
 15731 | D:14     | XOM: confusion (+ monsters)
 15805 | D:14     | XOM: summons 6 hostile demons
 15901 | D:14     | Reached skill level 10 in Dodging
 16014 | D:14     | XOM: chaos cloud
 16027 | D:14     | XOM: fog
 16030 | D:14     | XOM: enchant monster (good)
 16036 | D:14     | XOM: summons 5 friendly demons
 16052 | D:14     | XOM: swap monsters
 16134 | D:14     | Gained mutation: Scrolls take you a little longer to read. [mutagenic meat]
 16195 | D:14     | XOM: give mutations
 16195 | D:14     | Gained mutation: You are robust (+10% HP). [Xom's grace]
 16195 | D:14     | Gained mutation: You have large cloven feet. [Xom's grace]
 16195 | D:14     | Gained mutation: You are resistant to electric shocks. [Xom's grace]
 16366 | D:14     | Found a blossoming altar of Fedhas.
 16418 | D:15     | Entered Level 15 of the Dungeon
 16437 | D:15     | Reached skill level 10 in Evocations
 16454 | D:15     | XOM: give mutations
 16454 | D:15     | Gained mutation: Your flesh is cold resistant. [Xom's grace]
 16454 | D:15     | Gained mutation: Your tail ends in a poisonous barb. [Xom's grace]
 16454 | D:15     | Gained mutation: Your large and strong wings let you fly indefinitely. [Xom's grace]
 16456 | D:15     | XOM: cast spell 'Disjunction'
 16457 | D:15     | XOM: enchant monster (good)
 16462 | D:15     | Found a frozen archway.
 16468 | D:15     | XOM: polymorph white imp -> shadow imp
 16504 | IceCv    | XOM: stealth player
 16504 | IceCv    | Entered an ice cave
 16804 | IceCv    | XOM: mild Trmt miscast
 16815 | IceCv    | XOM: summons friendly ufetubus
 16855 | IceCv    | XOM: torment (25/129 hp)
 17183 | IceCv    | Found an ancient bone altar of Kikubaaqudgha.
 17184 | IceCv    | XOM: harmless Air miscast
 17191 | IceCv    | XOM: fog
 17196 | IceCv    | XOM: polymorph white imp -> ufetubus
 17199 | IceCv    | XOM: blink monster(s)
 17211 | IceCv    | XOM: silly message
 17788 | IceCv    | XOM: fake destruction
 17848 | IceCv    | XOM: 5-stop teleportation journey
 17880 | IceCv    | Identified Sif Muna's Collected Works on the Glacier (You found it in an ice cave)
 17989 | D:15     | XOM: mild Pois miscast
 17998 | D:15     | Reached skill level 15 in Long Blades
 18415 | D:15     | XOM: cast spell 'Leda's Liquefaction'
 18421 | D:15     | XOM: cast spell 'Summon Ice Beast'
 18476 | D:15     | XOM: potion effect (berserk rage)
 18482 | D:15     | XOM: cast spell 'Spider Form'
 18503 | D:15     | XOM: enchant monster (good)
 18511 | D:15     | XOM: fog
 18659 | D:14     | XOM: enchant monster (good)
 18744 | Orc:1    | Entered Level 1 of the Orcish Mines
 18745 | Orc:1    | Noticed Gastronok
 18776 | Orc:1    | Noticed Gastronok
 18776 | Orc:1    | Gastronok changed into Gastronok the hellephant
 18776 | Orc:1    | XOM: polymorph Gastronok -> Gastronok the hellephant
 18781 | Orc:1    | XOM: butterfly on damage
 18782 | Orc:1    | XOM: summons friendly iron imp
 18941 | D:11     | namelastname112: Gastronok evaporates and reforms as a hellephant!
 18961 | Orc:1    | XOM: divination: magic mapping
 18963 | Orc:2    | Entered Level 2 of the Orcish Mines
 19150 | Orc:2    | Found a dark tunnel.
 19160 | Volcano  | Entered a volcano
 19171 | Volcano  | Gained mutation: You have acidic saliva. [Yellow Draconian growth]
 19171 | Volcano  | Reached XP level 14. HP: 117/139 MP: 22/22
 19240 | Volcano  | XOM: 6-stop teleportation journey
 19314 | Volcano  | XOM: scenery: 1 doors open
 19320 | Orc:2    | jacquesderrida: Гражданин Намир
 19320 | Orc:2    | namelastname112: у меня хэллефант выше этажом
 19382 | Orc:2    | Found Kumam's Distillery.
 19382 | Orc:2    | XOM: 5-stop teleportation journey
 19459 | Orc:2    | XOM: god gift: potion of agility
 19644 | Orc:2    | Found a staircase to the Elven Halls.
 19655 | Orc:2    | Noticed an orc warlord
 19656 | Orc:2    | XOM: destruction
 19663 | Orc:2    | XOM: summons 2 friendly demons
 19672 | Orc:2    | Killed an orc warlord
 19691 | Orc:2    | XOM: polymorph gnoll -> jackal
 19692 | Orc:2    | XOM: give mutations
 19692 | Orc:2    | Gained mutation: You passively map a small area around you. [Xom's grace]
 19692 | Orc:2    | Gained mutation: Your spells are harder to cast, but more powerful. [Xom's grace]
 19692 | Orc:2    | Gained mutation: Your muscles are strong. (Str +2) [Xom's grace]
 19692 | Orc:2    | Gained mutation: Your tail ends in a sharp poisonous barb. [Xom's grace]
 20005 | Orc:2    | XOM: divination: detect items
 20044 | Orc:2    | XOM: 3-stop teleportation journey
 20233 | Orc:2    | XOM: summons friendly chaos spawn
 20369 | Orc:2    | XOM: fog
 20390 | Orc:2    | XOM: enchant monster (good)
 20471 | Orc:2    | XOM: summons 2 friendly demons
 20538 | Orc:2    | XOM: summons friendly crimson imp
 20539 | Orc:2    | XOM: chaos upgrade
 20750 | Orc:1    | Noticed Harold
 20773 | Orc:1    | Killed Harold
 20859 | Orc:1    | Noticed Fannar
 20880 | Orc:1    | Killed Fannar
 20912 | Orc:1    | Noticed an orc warlord
 20923 | Orc:1    | Killed an orc warlord
 21079 | Orc:1    | XOM: potion effect (brilliance)
 21345 | Orc:1    | Found a roughly hewn altar of Beogh.
 21361 | Orc:1    | XOM: noise
 21363 | Orc:1    | XOM: summons 8 friendly demons
 21366 | Orc:1    | XOM: swap monsters
 21421 | Orc:1    | XOM: 3-stop teleportation journey
 21433 | Orc:1    | Found a roughly hewn altar of Beogh.
 21439 | Orc:1    | XOM: confuse monster(s)
 21808 | Orc:1    | XOM: god gift: chain mail {god gift}
 22035 | Orc:2    | XOM: vitrification
 22059 | Orc:2    | Lost mutation: You are agile. (Dex +2) [a neqoxec]
 22062 | Orc:2    | XOM: summons friendly white imp
 22068 | Orc:2    | Reached skill level 16 in Long Blades
 22070 | Orc:2    | XOM: polymorph orc high priest -> sea snake
 22071 | Orc:2    | XOM: enchant monster (good)
 22103 | Orc:2    | XOM: give mutations
 22103 | Orc:2    | Lost mutation: Your tail ends in a sharp poisonous barb. [Xom's mischief]
 22103 | Orc:2    | Lost mutation: Scrolls take you a little longer to read. [Xom's mischief]
 22103 | Orc:2    | Gained mutation: Your tail ends in a sharp poisonous barb. [Xom's mischief]
 22144 | Orc:2    | XOM: medium Fire miscast
 22187 | Orc:2    | XOM: medium Summ miscast
 22342 | Orc:2    | Found Urghoaloih's Assorted Antiques.
 22342 | Orc:2    | Found Eschud's Magic Scroll Emporium.
 22343 | Orc:2    | Found Hiux's Food Shoppe.
 22343 | Orc:2    | Found Tinoamyt's General Store.
 22354 | Orc:2    | Bought a scroll of enchant weapon for 112 gold pieces
 22354 | Orc:2    | Bought a scroll of magic mapping for 52 gold pieces
 22447 | Orc:2    | XOM: harmless Summ miscast
 22626 | Lair:1   | Entered Level 1 of the Lair of Beasts
 22640 | Lair:1   | XOM: swap monsters
 22642 | Lair:1   | XOM: 1-stop teleportation journey
 22758 | Lair:1   | XOM: give mutations
 22758 | Lair:1   | Gained mutation: You are somewhat resistant to further mutation. [Xom's grace]
 22758 | Lair:1   | Gained mutation: Your system is resistant to poisons. [Xom's grace]
 22758 | Lair:1   | Gained mutation: You have an increased reservoir of magic (+10% MP). [Xom's grace]
 23047 | Lair:1   | XOM: fog
 23338 | Lair:2   | XOM: summons 13 friendly demons
 23469 | Lair:2   | XOM: enchant monster (good)
 23564 | Lair:2   | XOM: polymorph wolf -> sheep
 23574 | Lair:2   | Learned a level 2 spell: Repel Missiles
 23786 | Lair:2   | XOM: vitrification
 23840 | Lair:2   | XOM: medium Trmt miscast
 23843 | Lair:2   | XOM: give mutations
 23843 | Lair:2   | Lost mutation: Your tail ends in a sharp poisonous barb. [Xom's mischief]
 23843 | Lair:2   | Lost mutation: You are robust (+10% HP). [Xom's mischief]
 23843 | Lair:2   | Lost mutation: Your large and strong wings let you fly indefinitely. [Xom's mischief]
 23843 | Lair:2   | Lost mutation: Your tail ends in a poisonous barb. [Xom's mischief]
 23893 | Lair:2   | XOM: colour smoke trail
 24096 | Lair:2   | Lost mutation: Your mind is acute. (Int +2) [helix card]
 24475 | Lair:3   | Reached XP level 15. HP: 132/136 MP: 26/26
 24641 | Lair:3   | XOM: confusion
 24643 | Lair:3   | XOM: 2-stop teleportation journey
 24651 | Lair:3   | Found a staircase to the Swamp.
 24693 | Lair:3   | XOM: noise
 24816 | Lair:3   | XOM: polymorph crocodile -> porcupine
 25096 | Lair:3   | XOM: scenery: 2 doors close
 25104 | Lair:3   | XOM: vitrification
 25133 | Lair:4   | XOM: confuse monster(s)
 25210 | Lair:4   | XOM: mild Conj miscast
 25483 | Lair:5   | XOM: 6-stop teleportation journey
 25511 | Lair:5   | XOM: severe Tloc miscast
 25706 | Lair:5   | Got an ichor-stained hat
 25717 | Lair:5   | Identified the +4 hat of Imperfection {rElec MR- Dex+3} (You acquired it on level 5 of the Lair of Beasts)
 25888 | Lair:5   | XOM: give mutations
 25888 | Lair:5   | Gained mutation: Your tail ends in a poisonous barb. [Xom's grace]
 25888 | Lair:5   | Gained mutation: You passively map the area around you. [Xom's grace]
 26043 | Lair:5   | XOM: summons 11 friendly demons
 26136 | Lair:5   | XOM: cast spell 'Necromutation'
 26329 | Lair:5   | XOM: give mutations
 26329 | Lair:5   | Gained mutation: You have a pair of small horns on your head. [Xom's grace]
 26329 | Lair:5   | Gained mutation: You are agile. (Dex +2) [Xom's grace]
 26329 | Lair:5   | Gained mutation: Your spells are much harder to cast, but much more powerful. [Xom's grace]
 26329 | Lair:5   | Gained mutation: You passively map a large area around you. [Xom's grace]
 26487 | Lair:6   | Found a runed door.
 26488 | Lair:6   | Found a viscous altar of Jiyva.
 26489 | Lair:6   | Found a staircase to the Slime Pits.
 26640 | Lair:5   | XOM: vitrification
 26696 | Lair:1   | XOM: vitrification
 26809 | D:7      | Fell from the grace of Xom
 26809 | D:7      | Became a worshipper of Zin the Law-Giver
 26809 | D:7      | Reached * piety under Zin
 26809 | D:7      | Reached ** piety under Zin
 26810 | D:7      | Donated 2217 gold pieces to Zin
 26836 | D:7      | Reached *** piety under Zin
 26949 | Lair:3   | Reached **** piety under Zin
 27100 | Lair:6   | Reached ***** piety under Zin
 27116 | Lair:6   | XOM: give mutations
 27116 | Lair:6   | XOM: medium Erth miscast
 27193 | Lair:6   | Found a staircase to the Snake Pit.
 27628 | Lair:6   | Reached skill level 1 in Invocations
 27673 | Lair:7   | XOM: summons 5 hostile demons
 27773 | Lair:7   | Noticed Maud
 27792 | Lair:7   | Killed Maud
 27962 | Lair:7   | XOM: medium Pois miscast
 28636 | Lair:8   | Entered Level 8 of the Lair of Beasts
 28845 | Lair:8   | XOM: 1-stop teleportation journey
 28946 | Lair:8   | XOM: 3-stop teleportation journey
 28950 | Lair:8   | Noticed George's ghost (journeyman MiGl)
 28967 | Lair:8   | Killed George's ghost
 29066 | Lair:8   | Reached skill level 17 in Long Blades
 29097 | Lair:8   | XOM: medium Hex miscast
 29131 | Lair:8   | XOM: noise
 29142 | Lair:8   | Reached skill level 5 in Invocations
 29399 | Lair:8   | XOM: noise
 29657 | Lair:8   | Reached XP level 16. HP: 146/146 MP: 28/28
 29991 | Lair:8   | XOM: summons 6 hostile demons
 30288 | Swamp:1  | Entered Level 1 of the Swamp
 30320 | Swamp:1  | XOM: enchant monster (good)
 30580 | Swamp:1  | XOM: summons 9 hostile demons
 30623 | Swamp:1  | Reached ****** piety under Zin
 31873 | Swamp:3  | XOM: summons 1 hostile demon
 33018 | Swamp:4  | Entered Level 4 of the Swamp
 33114 | Swamp:4  | XOM: 1-stop teleportation journey
 33532 | Swamp:4  | Noticed a thorn hunter
 33607 | Swamp:4  | Reached skill level 18 in Long Blades
 33788 | Swamp:4  | Killed a thorn hunter
 34037 | Swamp:4  | Noticed a thorn hunter
 34046 | Swamp:4  | Killed a thorn hunter
 34082 | Swamp:4  | XOM: mild Tloc miscast
 34313 | Swamp:4  | XOM: noise
 34314 | Swamp:4  | Noticed a bone dragon
 34346 | Swamp:4  | Killed a bone dragon
 34357 | Swamp:4  | Reached XP level 17. HP: 41/154 MP: 29/29
 34541 | Swamp:4  | Reached skill level 10 in Invocations
 34594 | Swamp:4  | Got a decaying rune of Zot
 34780 | Snake:1  | Entered Level 1 of the Snake Pit
 35002 | Snake:1  | XOM: 2-stop teleportation journey
 35025 | Snake:1  | Found Vuifyph's Gadget Shop.
 35301 | Snake:1  | XOM: mild Ice miscast
 35522 | Snake:2  | Reached skill level 15 in Fighting
 35560 | Snake:2  | M4edhros: glhf mate!
 35604 | Snake:2  | namelastname112: yeah ty
 35633 | Snake:2  | Found a runed gate.
 35633 | Snake:2  | Found a runed gate.
 35633 | Snake:2  | Found a runed gate.
 35722 | Snake:2  | M4edhros: glhf
 35819 | Snake:2  | XOM: give mutation
 35819 | Snake:2  | XOM: noise
 35893 | Snake:2  | Found Tynnubru's Magic Scroll Emporium.
 35940 | Snake:2  | Bought 2 scrolls of acquirement for 1560 gold pieces
 36380 | Snake:2  | XOM: mild Erth miscast
 36614 | Snake:3  | Reached skill level 1 in Charms
 36647 | Snake:3  | Reached skill level 1 in Spellcasting
 36676 | Snake:3  | Reached skill level 1 in Air Magic
 36677 | Snake:3  | Zin protects you from harm!
 36682 | Snake:3  | Shot with a bolt by a naga sharpshooter

Vault maps used:
D:1:      dpeg_arrival_pits
D:3:      nicolae_overflow_crystal_walls, first_bread,
          nicolae_qazlal_eye_of_the_storm
D:4:      temple_doors_a, nemelex_deck, uniq_robin, uniq_menkaure, uniq_natasha,
          uniq_blork_the_orc, uniq_grinder
D:5:      kennysheep_decorative_pillar, minmay_misc_feat_ornament, uniq_sigmund
D:6:      basic_altar, tgw_trog, uniq_pikel
D:7:      grunt_temple_overflow_open
D:8:      due_lair_maze_entry_diamond, lightli_orcish_oven, uniq_joseph
D:9:      kennysheep_generic_room_8, uniq_erica
D:10:     uniq_snorg
D:11:     kennysheep_orc_monster_closet_entryway, enter_bailey_2
D:12:     minmay_beelzebubs_servants
D:13:     david_vaults_1, serial_shops, statue_bzr
D:14:     minivault_27, hangedman_tree_tricks
D:15:     gammafunk_enter_depths_forms, portal_ice_cave_entry_imps,
          nicolae_twisting_strands
Lair:2:   minivault_23, minivault_27, small_statue_intersection, worms_lemuel,
          serial_bayou_shore_b, grunt_megastairs_1, serial_bayou_shore_b
Lair:3:   minmay_swamp_entry_reptiles
Lair:6:   minmay_snake_entry_six_corridors, slime_altar_2, lemuel_fruit_tree,
          infiniplex_staircase_pool
Lair:7:   lemuel_fruit_fields, uniq_maud
Lair:8:   grunt_lair_end_beastmaster, infiniplex_staircase_pool_2, uniq_rupert
Swamp:1:  hangedman_swamp_ruin_wall
Swamp:2:  evilmike_swamp_ruin_house_6, nicolae_swamp_dense_foliage
Swamp:3:  evilmike_swamp_ruin_house_5, swamp_pool5
Swamp:4:  swamp_pestilence
Snake:1:  serial_shops, nicolae_shop_temple_entry_statues_fountains
Snake:2:  serial_shops, shop_statue, st_stairs_11, nicolae_snake_horde_hoard
Orc:1:    orc_temple, kennysheep_orc_chapel, uniq_gastronok, uniq_fannar,
          uniq_harold
Orc:2:    st_orc_pillars, serial_shops,
          nicolae_shop_temple_entry_statues_fountains,
          lightli_volcano_entry_magma_tube, special_room, nicolae_orc_rockfall
Bazaar:   bazaar_minmay_challenge
Bailey:   bailey_axe_minmay_hex_keep, bailey
IceCv:    ice_cave_small_necro
Volcano:  volcano_aerie

Skill      XL: |  1  2  3  4  5  6  7  8  9 10 11 12 13 14 15 16 17 |
---------------+----------------------------------------------------+-----
Fighting       | 4 5 6 7 8 10 11 12 13 14 15 | 15.2
Long Blades    | 4 5 6 7 9 10 12 13 14 15 16 17 18 | 18.8
Dodging        | 3 4 5 6 7 8 9 10 11 12 13 | 13.1
Evocations     | 2 6 8 10 12 13 | 13.0
Invocations    | 5 9 11 | 11.5
Charms         | 1 |  1.5
Spellcasting   | 1 |  1.1
Air Magic      | 1 |  1.1

Action                   |  1- 3 |  4- 6 |  7- 9 | 10-12 | 13-15 | 16-18 || total
-------------------------+-------+-------+-------+-------+-------+-------++-------
Melee: Falchion          |    94 |   187 |   477 |       |       |       ||   758
       War axe           |       |       |    26 |   142 |       |       ||   168
       Scimitar          |       |       |       |   841 |   121 |    20 ||   982
       Triple sword      |       |       |       |    67 |  1843 |   924 ||  2834
 Cast: Repel Missiles    |       |       |       |       |     1 |     2 ||     3
Invok: Donate Gold       |       |       |       |       |     1 |       ||     1
       Vitalisation      |       |       |       |       |       |     8 ||     8
       Recite            |       |       |       |       |       |     1 ||     1
       Imprison          |       |       |       |       |       |     1 ||     1
 Abil: Spit Acid         |       |       |    10 |     9 |     7 |     1 ||    27
Evoke: Deck              |       |     3 |     1 |       |     6 |     3 ||    13
       Rod               |       |       |       |     9 |    29 |       ||    38
       Wand              |       |       |       |       |     1 |       ||     1
  Use: Scroll            |       |     6 |     7 |    15 |    18 |    14 ||    60
       Potion            |       |     3 |     2 |     4 |    12 |     6 ||    27
 Stab: Sleeping          |     3 |       |     1 |     7 |    21 |     7 ||    39
       Confused          |     1 |     1 |     6 |     6 |     2 |       ||    16
       Paralysed         |       |     1 |     3 |     3 |     3 |       ||    10
       Distracted        |       |       |     2 |     2 |     2 |     1 ||     7
       Invisible         |       |       |       |     3 |     1 |       ||     4
       Petrified         |       |       |       |       |       |     1 ||     1
  Eat: Fruit             |     1 |       |     1 |       |     5 |       ||     7
       Meat ration       |     1 |       |     1 |       |     5 |     3 ||    10
       Chunk             |       |     5 |    10 |    32 |    49 |     2 ||    98
       Royal jelly       |       |       |       |       |     1 |       ||     1
       Bread ration      |       |       |       |       |       |     1 ||     1
       Pizza             |       |       |       |       |       |     3 ||     3
